 Dungeon Crawl Stone Soup version 0.29.1-2-gbd0b4ee654 (webtiles) character file.

Game seed: 12257349450051242989

1534 GeoRichter the Skirmisher (level 8, 0/39 HPs)
             Began as a Spriggan Hunter on Nov 12, 2022.
             Slain by a killer bee (6 damage)
             ... on level 5 of the Dungeon.
             The game lasted 00:09:27 (4617 turns).

GeoRichter the Skirmisher (Spriggan Hunter)         Turns: 4617, Time: 00:09:27

Health: 0/39       AC:  3    Str:  7    XL:     8   Next: 55%
Magic:  9/9        EV: 24    Int: 10    God:
Gold:   169        SH:  0    Dex: 21    Spells: 7/7 levels left

rFire   . . .      SeeInvis +   h - +4 short sword (protect)
rCold   . . .      Faith    .   (no shield)
rNeg    + . .      Spirit   .   m - +1 robe {rN+}
rPois   .          Reflect  .   (helmet restricted)
rElec   .          Harm     .   (no cloak)
rCorr   .          Rampage  .   (gloves unavailable)
Will    +....                   (boots unavailable)
Stlth   +++.......              c - amulet of regeneration
HPRegen 0.93/turn               (no ring)
MPRegen 0.11/turn               (no ring)

@: about to teleport, very quick
A: very small, no large weapons, unfitting armour, see invisible, speed 3
a: no special abilities


You were on level 5 of the Dungeon.
You visited 1 branch of the dungeon, and saw 5 of its levels.

You collected 169 gold pieces.

Inventory:

Hand Weapons
 a - a +1 shortbow
 e - a +2 dagger of venom
   (You took it off a kobold on level 1 of the Dungeon)
 h - a +4 short sword of protection (weapon)
   (You took it off Duvessa on level 4 of the Dungeon)
Armour
 m - a +1 robe of positive energy (worn)
   (You took it off Jessica on level 2 of the Dungeon)
Jewellery
 c - an amulet of regeneration (around neck)
   (You found it on level 3 of the Dungeon)
Wands
 r - a wand of acid (6)
   (You took it off Ijyb on level 4 of the Dungeon)
Scrolls
 b - a scroll of immolation {!r}
 j - a scroll of enchant armour {unknown}
 p - 2 scrolls of teleportation {@r4}
 q - a scroll of torment {unknown}
 t - a scroll of enchant weapon
Potions
 d - a potion of cancellation {unknown}
 f - 2 potions of mutation {unknown}
 g - a potion of heal wounds {unknown}
 i - 3 potions of haste {unknown}
 k - a potion of degeneration {unknown}
 n - a potion of resistance {unknown}
 o - a potion of berserk rage


   Skills:
 + Level 2.1 Fighting
 * Level 9.5 Ranged Weapons
 + Level 8.3 Dodging
 + Level 2.9 Stealth


You had 7 spell levels left.
You didn't know any spells.
Your spell library contained the following spells:

 Spells                   Type           Power      Damage    Failure   Level
 Ensorcelled Hibernation  Hex/Ice        0%         N/A       50%         2
 Passwall                 Tmut/Erth      0%         N/A       50%         2
 Swiftness                Air            0%         N/A       75%         3
 Animate Dead             Necr           0%         N/A       98%         4
 Borgnjor's Vile Clutch   Necr/Erth      0%         N/A       100%        5
 Death Channel            Necr           0%         N/A       100%        6


Dungeon Overview and Level Annotations

Branches:
Dungeon (5/15) Zot: 26412
 Temple: D:4-7

Altars:
Ashenzari
Elyvilon
Fedhas
Hepliaklqana
Trog
Uskayaw
Wu Jian
Yredelemnul


Innate Abilities, Weirdness & Mutations

You are very small and have problems with some larger weapons.
You are too small for most types of armour.
You have supernaturally acute eyesight. (SInv)
You cover ground extremely quickly. (Speed+++)


Message History

The killer bee misses you.
The killer bee attacks as you move away!
The killer bee misses you.
The killer bee stings you but does no damage.
You shoot an arrow. The arrow hits the killer bee.
The killer bee completely misses you. The killer bee stings you!
You are poisoned.
The killer bee poisons you!
You shoot an arrow. The arrow barely misses the killer bee.
The arrow hits the orc.
You kill the orc!
You feel sick. The killer bee misses you. The killer bee stings you.
You shoot an arrow.
The arrow barely misses the killer bee. x2; You feel sick.
The killer bee stings you but does no damage.
The killer bee stings you.
* * * LOW HITPOINT WARNING * * *
You are more poisoned.
The killer bee poisons you!
Your +4 short sword of protection hums with potential!
h - a +4 short sword of protection (weapon)
You feel sick. The killer bee misses you.
You hit the killer bee.
Your weapon exudes an aura of protection.
You feel very sick. The killer bee closely misses you.
The killer bee completely misses you.
You miss the killer bee.
You feel sick. The killer bee stings you.
* * * LOW HITPOINT WARNING * * *
The killer bee stings you but does no damage.
The orc wizard mumbles some strange words.
The orc wizard flickers and vanishes for a moment.
The killer bee completely misses you.
You miss the killer bee.
You feel sick. The killer bee barely misses you. The killer bee misses you.
You miss the killer bee. Your punch misses the killer bee.
You feel sick. The killer bee stings you.
* * * LOW HITPOINT WARNING * * *
You are more poisoned.
The killer bee poisons you! The killer bee stings you!
* * * LOW HITPOINT WARNING * * *
You feel better. The killer bee completely misses you.
The killer bee stings you!
* * * LOW HITPOINT WARNING * * *
As you read the scroll of teleportation {@r4}, it crumbles to dust.
You feel strangely unstable. The killer bee barely misses you.
The killer bee completely misses you.
The killer bee attacks as you move away!
The killer bee misses you.
The killer bee attacks as you move away!
The killer bee barely misses you. The killer bee stings you.
You die...

#.####..# #.# #.#.......#..# ##.#
##.## #)# #.####^####..# #.##
##.# #.###............# ##.###..#
#.#.......#....... #.#...#######
#o#.......#.#..##.
##...###..#.###.#.......#.#..##.
###......##.#.##.#............###
#..##.##.###.#.yy#............# #
.###.#..## ##.##@#............# #
.#..####.## ####.#............# #
).### ###.# #.#..........#####
..#####.†## #.#.......#.......
...#.††### #.#.......########
...#.### #.######### ......
..††.# #.# #####. ..†### #.#
#...<. #.## #.# #.##.#..


You could see 2 killer bees and an orc wizard (invisible).

Vanquished Creatures
  Duvessa (D:4)
  3 black bears
  An ogre (D:4)
  A phantom (D:5)
  5 necrophages
  2 scorpions
  Dowan (D:4)
  3 killer bees (D:5)
  A jelly (D:4)
  A hound (D:5)
  Jessica (D:2)
  Ijyb (D:4)
  3 gnolls (D:5)
  4 adders
  12 river rats (D:5)
  An ufetubus (D:5)
  A worm (D:5)
  2 dart slugs
  9 orcs
  7 ball pythons
  4 endoplasms
  4 giant cockroaches
  2 goblins
  10 hobgoblins
  8 jackals
  10 kobolds
  9 quokkas
  3 bats
  7 frilled lizards
  22 rats
139 creatures vanquished.

Notes
Turn   | Place    | Note
-------+----------+-------------------------------------------
     0 | D:1      | GeoRichter the Spriggan Hunter began the quest for the Orb.
     0 | D:1      | Reached XP level 1. HP: 10/10 MP: 2/2
   115 | D:1      | Reached XP level 2. HP: 14/14 MP: 3/3
   575 | D:2      | Reached XP level 3. HP: 18/18 MP: 4/4
  1112 | D:2      | Reached skill level 5 in Ranged Weapons
  1147 | D:2      | Noticed Jessica
  1305 | D:2      | Killed Jessica
  1306 | D:2      | Reached XP level 4. HP: 21/22 MP: 5/5
  1650 | D:3      | Noticed a scorpion
  1680 | D:3      | Killed a scorpion
  1681 | D:3      | Reached XP level 5. HP: 25/25 MP: 6/6
  1756 | D:3      | Found a white marble altar of Elyvilon.
  1756 | D:3      | Found a hazy altar of Hepliaklqana.
  1768 | D:3      | Found a basalt altar of Yredelemnul.
  1771 | D:3      | Found a hide-covered altar of Uskayaw.
  1773 | D:3      | Found a blossoming altar of Fedhas.
  1777 | D:3      | Found a bloodstained altar of Trog.
  2269 | D:3      | Found a broken altar of Ashenzari.
  2488 | D:3      | Reached skill level 6 in Ranged Weapons
  2488 | D:3      | Reached skill level 5 in Dodging
  2611 | D:4      | Noticed Ijyb
  2724 | D:4      | Noticed Duvessa
  2726 | D:4      | Noticed Dowan
  2959 | D:4      | Killed Duvessa
  2960 | D:4      | Reached XP level 6. HP: 30/30 MP: 7/7
  3000 | D:4      | Killed Dowan
  3074 | D:4      | Reached skill level 7 in Ranged Weapons
  3329 | D:4      | Reached XP level 7. HP: 33/33 MP: 8/8
  3784 | D:4      | Reached skill level 8 in Ranged Weapons
  3835 | D:4      | Killed Ijyb
  3845 | D:5      | Entered Level 5 of the Dungeon
  4076 | D:5      | Found an ornate altar of the Wu Jian Council.
  4124 | D:5      | Reached XP level 8. HP: 37/37 MP: 9/9
  4246 | D:5      | Reached skill level 9 in Ranged Weapons
  4612 | D:5      | HP: 1/39 [killer bee (8)]
  4617 | D:5      | Slain by a killer bee

Illustrated notes

Levels and vault maps discovered:
D:1:      eino_arrival_druids_welcome, layout_rooms, st_stairs_6,
          amethyst_killhole
D:2:      layout_basic, minmay_tetromino_i2, uniq_jessica
D:3:      layout_basic, mainiacjoe_overflow_surrounded_room,
          nicolae_overflow_hallway_of_the_gods, serial_curves, eino_curves_04,
          eino_curves_01, eino_curves_03, hangedman_decor_diamond_cutter,
          nicolae_elevator_lobby_asterisk
D:4:      layout_loops_corners, uniq_duvessa, uniq_ijyb
D:5:      lemuel_ratsnest, layout_basic, lemuel_tele_altar,
          minmay_misc_feat_square

Skill      XL: |  1  2  3  4  5  6  7  8 |
---------------+-------------------------+-----
Dodging        | 3 4 5 6 7 8 |  8.3
Ranged Weapons | 5 6 7 8 9 |  9.5
Stealth        | 2 |  2.9
Fighting       | 2 |  2.1

Action                   |  1- 3 |  4- 6 |  7- 9 || total
-------------------------+-------+-------+-------++-------
Melee: Short sword       |       |    10 |    26 ||    36
 Fire: Shortbow          |   103 |   132 |   241 ||   476
  Use: Scroll            |       |     5 |     2 ||     7
       Potion            |       |     1 |     1 ||     2
Armor: Robe              |     4 |     8 |    16 ||    28
Dodge: Dodged            |    29 |    66 |   188 ||   283
